 Dungeon Crawl Stone Soup version 0.28.0-1-gb440e238dd (webtiles) character file.

Game seed: 12013259131568172486

583 croobank the Firebug (level 7, -5/50 HPs)
             Began as a Green Draconian Fire Elementalist on Feb 24, 2022.
             Slain by a gnoll (9 damage)
             ... on level 5 of the Dungeon.
             The game lasted 00:13:22 (4531 turns).

croobank the Firebug (DrFE)                         Turns: 4531, Time: 00:13:22

Health: -5/50      AC:  6    Str: 11    XL:     7   Next: 14%
Magic:  12/12      EV: 12    Int: 21    God:
Gold:   252        SH:  0    Dex: 11    Spells: 6/13 levels left

rFire   . . .      SeeInvis .   a - +2 war axe
rCold   . . .      Faith    +   (no shield)
rNeg    + . .      Spirit   .   (armour unavailable)
rPois   +          Reflect  .   (helmet restricted)
rElec   .          Harm     .   D - scarf {repulsion}
rCorr   +          Rampage  .   (no gloves)
Will    .....                   (no boots)
Stlth   ++........              s - amulet of Jirufesi {Faith rPois Will- rCorr Int+4}
HPRegen 0.16/turn               g - ring of positive energy
MPRegen 0.13/turn               (no ring)

@: mighty, invisible, repel missiles
A: breathe noxious fumes, AC +6, unfitting armour, poison resistance,
cold-blooded
a: Breathe Noxious Fumes


You were on level 5 of the Dungeon.
You visited 1 branch of the dungeon, and saw 6 of its levels.
You also visited: Sewer.

You collected 252 gold pieces.

Inventory:

Hand Weapons
 a - a +2 war axe (weapon)
 b - a +0 dagger
 k - a +0 mace
 q - a +0 trident
Missiles
 d - 28 arrows
 h - 117 stones
 j - a throwing net
 o - 22 bolts
 r - 48 sling bullets
 y - 3 javelins
Armour
 D - a scarf of repulsion (worn)
Jewellery
 f - an amulet of faith
 g - a ring of positive energy (left hand)
 m - an amulet of guardian spirit
 s - the amulet of Jirufesi (around neck) {Faith rPois Will- rCorr Int+4}
   (You found it on level 3 of the Dungeon)

   [amulet of faith]

   It allows you to gain divine favour quickly.
   Int:       It affects your intelligence (+4).
   rPois:     It protects you from poison.
   rCorr:     It protects you from acid and corrosion.
   Will:      It decreases your willpower.
 C - a ring of positive energy
Wands
 t - a wand of polymorph (8)
Scrolls
 c - 4 scrolls of teleportation
 l - a scroll of fear {unknown}
 n - 3 scrolls of blinking {unknown}
 p - 6 scrolls of identify {unknown}
 v - a scroll of fog {unknown}
Potions
 e - a potion of invisibility
 i - a potion of magic
 u - 2 potions of might
 w - 3 potions of mutation {unknown}
 x - a potion of resistance {unknown}
 z - a potion of haste {unknown}
 A - a potion of flight {unknown}
 B - a potion of heal wounds {unknown}


   Skills:
 + Level 1.5 Axes
 + Level 3.5 Dodging
 + Level 3.6 Stealth
 + Level 3.5 Spellcasting
 + Level 3.2 Conjurations
 + Level 4.4 Fire Magic


You had 6 spell levels left.
You knew the following spells:

 Your Spells              Type           Power      Damage    Failure   Level
a - Foxfire               Conj/Fire      76%        2x1d7     2%          1
b - Scorch                Fire           44%        2d7       3%          2
c - Flame Wave            Conj/Fire      19%        2d6       26%         4

Your spell library contained the following spells:

 Spells                   Type           Power      Damage    Failure   Level
 Conjure Flame            Conj/Fire      19%        6-21      8%          3
 Inner Flame              Hex/Fire       13%        N/A       16%         3
 Ensorcelled Hibernation  Hex/Ice        6%         N/A       19%         2
 Spider Form              Tmut/Pois      3%         N/A       36%         3
 Anguish                  Hex/Necr       1%         N/A       77%         4


Dungeon Overview and Level Annotations

Branches:
Dungeon (6/15)              Sewer (visited)
 Temple: D:4-7

Altars:
Fedhas

Annotations:
D:6 Eustachio


Innate Abilities, Weirdness & Mutations

You can breathe blasts of noxious fumes.
Your lurid green scales are hard. (AC +6)
You cannot fit into any form of body armour.
Your system is resistant to poisons. (rPois)
You are cold-blooded and may be slowed by cold attacks.


Message History

The gnoll hits you with a +2 whip of electrocution.
You closely miss the gnoll.
The gnoll is severely wounded.
The gnoll hits you but does no damage.
You are electrocuted!
The gnoll hits you with a +2 whip of electrocution.
You are electrocuted!!
* * * LOW HITPOINT WARNING * * *
There is a stone staircase leading down here.
The gnoll barely misses you.
You climb downwards.
There is a stone staircase leading up here.
Casting: Scorch (safe; 3% risk of failure)
Confirm with . or Enter, or press ? or * to list all spells.
You conjure some foxfire!
The gnoll hits you with a +2 whip of electrocution.
* * * LOW HITPOINT WARNING * * *
The foxfire hits the gnoll.
The gnoll is almost dead.
The foxfire hits Eustachio.
Eustachio is lightly wounded.
Eustachio shouts!
The gnoll barely misses you.
Eustachio gestures wildly while chanting.
The river rat misses you.
The gnoll hits you with a +2 whip of electrocution.
* * * LOW HITPOINT WARNING * * *
You climb upwards.
There is a stone staircase leading down here.
It was a potion of invisibility.
You fade into invisibility!
You have got your breath back.
It was a potion of magic.
Magic courses through your body.
It was a potion of might.
You feel very mighty all of a sudden. The gnoll barely misses you. x2
You catch the helpless gnoll completely off-guard!
You slash the gnoll!
You kill the gnoll!
The gnoll hits you from afar with a +0 halberd!
You die...

... #..#.... ..
.... #..##.. .....
>...##..$..###....#
........##.......#
.............#...#
........)....#...#
.........g......##
....>...<.>).....#
........#..@...#..
##......######.#
........# ..
........# .
#.......# #.......#
#.....#


You could see a gnoll.

Vanquished Creatures
  A black bear (D:5)
  Pargi (Sewer)
  A necrophage (D:4)
  A bullfrog (D:4)
  A water moccasin skeleton (D:4)
  A gnoll shaman (D:4)
  A hound skeleton (D:4)
  2 gnolls (D:5)
  6 adders
  2 adder skeletons (D:2)
  A worm (D:3)
  3 dart slugs
  2 orcs
  3 bat skeletons (D:2)
  7 endoplasms
  5 giant cockroaches
  9 hobgoblins
  A jackal (D:1)
  4 quokkas
  8 ball pythons
  2 ball python skeletons (D:2)
  5 bats
  9 frilled lizards
  8 goblins
  5 kobolds
  A quokka zombie (D:2)
  2 rats (D:3)
92 creatures vanquished.

Vanquished Creatures (collateral kills)
  A foxfire (D:2)
1 creature vanquished.

Vanquished Creatures (others)
  152 foxfires
  2 withered plants (D:2)
154 creatures vanquished.

Grand Total: 247 creatures vanquished

Notes
Turn   | Place    | Note
-------+----------+-------------------------------------------
     0 | D:1      | croobank the Draconian Fire Elementalist began the quest
                  | for the Orb.
     0 | D:1      | Reached XP level 1. HP: 14/14 MP: 3/3
   246 | D:1      | Reached XP level 2. HP: 20/20 MP: 3/5
   288 | D:1      | Learned a level 2 spell: Scorch
  1304 | D:2      | Reached XP level 3. HP: 25/26 MP: 0/6
  1605 | D:2      | Found a faded altar of an unknown god.
  2315 | D:3      | Reached XP level 4. HP: 27/33 MP: 1/7
  2321 | D:3      | Learned a level 4 spell: Flame Wave
  2376 | D:3      | Found a blossoming altar of Fedhas.
  2445 | D:3      | Identified the amulet of Jirufesi {Faith rPois Will- rCorr
                  | Int+4}
  3137 | D:4      | Found a glowing drain.
  3148 | Sewer    | Entered a sewer
  3278 | Sewer    | Noticed Pargi
  3282 | Sewer    | Killed Pargi
  3283 | Sewer    | Reached XP level 5. HP: 38/38 MP: 1/9
  3747 | D:4      | Reached skill level 4 in Fire Magic
  3747 | D:4      | Reached XP level 6. HP: 45/45 MP: 0/10
  4184 | D:4      | Reached skill level 1 in Axes
  4495 | D:5      | Entered Level 5 of the Dungeon
  4502 | D:5      | Your scales start taking on a lurid green colour.
  4502 | D:5      | Reached XP level 7. HP: 50/50 MP: 5/12
  4502 | D:5      | Gained mutation: Your system is resistant to poisons.
                  | (rPois) [Green Draconian growth]
  4522 | D:6      | Noticed Eustachio
  4531 | D:5      | Slain by a gnoll

Illustrated notes

Levels and vault maps discovered:
D:1:      elethiomel_arrival_maze, layout_rooms, hex_large,
          minmay_misc_feat_doors, minmay_octomino_j4
D:2:      cheibrodos_old_hovel, layout_basic,
          shapermc_ecumenical_altar_mp_vishouse, serial_undead, serial_undead_c,
          serial_undead_a, serial_undead_a, serial_undead_c,
          nicolae_elevator_lobby_asterisk
D:3:      layout_basic, mainiacjoe_overflow_boulevard,
          chequers_serial_rivers_micro_b, minmay_misc_feat_secret_circle,
          eino_tiny_chamber, skrybe_limestone_x
D:4:      layout_loops_ring, cheibrodos_sewer_entry_sluice,
          minmay_divided_ellipse
D:5:      layout_rooms
D:6:      layout_basic, nzn_wu_jian_contemplation, temple_hall,
          minmay_misc_feat_rugged, grunt_decor_junction, uniq_prince_ribbit1,
          uniq_eustachio, uniq_grinder

Skill      XL: |  1  2  3  4  5  6 |
---------------+-------------------+-----
Stealth        | 2 3 |  3.6
Dodging        | 2 3 |  3.5
Conjurations   | 2 3 |  3.2
Spellcasting   | 3 |  3.5
Fire Magic     | 4 |  4.4
Axes           | 1 |  1.5

Action                   |  1- 3 |  4- 6 |  7- 9 || total
-------------------------+-------+-------+-------++-------
Melee: Unarmed           |     9 |       |       ||     9
       Dagger            |    43 |     6 |       ||    49
       Tailslap          |     8 |     2 |       ||    10
       Punch             |     2 |       |       ||     2
       War axe           |       |    17 |     4 ||    21
 Cast: Foxfire           |    57 |    30 |     4 ||    91
       Scorch            |    10 |    33 |     2 ||    45
 Abil: Breathe Noxious F |       |       |     1 ||     1
  Use: Scroll            |       |     4 |       ||     4
       Potion            |       |       |     3 ||     3
 Stab: Sleeping          |       |     1 |       ||     1
       Invisible         |       |       |     1 ||     1
Armor: Skin              |    19 |    16 |     1 ||    36
Dodge: Dodged            |    45 |    27 |     7 ||    79
